 Dungeon Crawl Stone Soup version 0.30-a0-777-ga9a30cbeda (webtiles) character file.

Game seed: 10675570678842361024

21 Flugslaktarn the Ducker (level 2, -4/21 HPs)
             Began as an Octopode Fighter on Feb 13, 2023.
             Slain by a gnoll
             ... wielding a +0 spear
              (7 damage)
             ... on level 1 of the Dungeon.
             The game lasted 00:00:13 (407 turns).

Flugslaktarn the Ducker (Octopode Fighter)           Turns: 407, Time: 00:00:13

Health: -4/21      AC:  1    Str: 15    XL:     2   Next: 83%
Magic:  2/2        EV: 13    Int: 10    God:
Gold:   14         SH:  4    Dex: 11    Spells: 1/1 levels left

rFire   . . .      SeeInvis .    a - +0 war axe
rCold   . . .      Faith    .    b - +0 buckler
rNeg    . . .      Spirit   .    (helmet restricted)
rPois   .          Reflect  .    (no amulet)
rElec   .          Harm     .    (no ring)
rCorr   .          Rampage  .    (no ring)
Will    .....                    (no ring)
Stlth   ++                       (no ring)
HPRegen 0.23/turn                (no ring)
MPRegen 0.08/turn                (no ring)
                                 (no ring)
                                 (no ring)

@: no status effects
A: almost no armour, amphibious, 8 rings, camouflage 1, gelatinous body 1,
(nimble swimmer 1), tentacles
a: no special abilities


You were on level 1 of the Dungeon.
You visited 1 branch of the dungeon, and saw 1 of its levels.

You collected 14 gold pieces.

Inventory:

Hand Weapons
 a - a +0 war axe (weapon)
Armour
 b - a +0 buckler (worn)
Scrolls
 f - a scroll of amnesia {unknown}
Potions
 c - a potion of curing {unknown}
 d - a potion of might
 e - a potion of degeneration {unknown}


   Skills:
 + Level 3.2 Fighting
 * Level 2.5 Axes
 + Level 3.2 Dodging
 + Level 3.2 Shields


You had one spell level left.
You didn't know any spells.
Your spell library was empty.

Dungeon Overview and Level Annotations

Branches:
Dungeon (1/15)

Altars:


Innate Abilities, Weirdness & Mutations

You cannot wear most types of armour.
You are amphibious.
You can wear up to eight rings at the same time.
Your skin changes colour to match your surroundings (Stealth+).
Your rubbery body absorbs attacks. (AC +1, EV +1)
((You are camouflaged when in or above water. (Stealth+)))
You have tentacles for arms and can constrict up to eight enemies at once.


Message History

The endoplasm is severely wounded.
The endoplasm misses you. The endoplasm freezes you.
You are frozen.
You slash the endoplasm!
You kill the endoplasm!
No target in view!
No target in view!
A bat comes into view.
A bat is nearby!
A bat is nearby!
A rat comes into view.
The bat hits you.
You slash the bat!
You kill the bat!
You slash the rat!
You kill the rat!
No target in view!
No target in view!
No target in view!
No target in view!
Found a mace.
You see here a rat corpse.
No target in view!
No target in view!
No target in view!
No target in view!
You see here a +0 mace.
A goblin comes into view. It is wielding a +0 dagger.
A goblin is nearby!
A goblin is nearby!
The goblin shouts!
The goblin hits you with a +0 dagger.
You slash the goblin!
You kill the goblin!
No target in view!
No target in view!
No target in view!
No target in view!
No target in view!
You see here a +0 dagger.
Found two stone staircases leading down.
You enter the shallow water.
You enter the deep water.
You see here a +0 dagger.
A dart slug comes into view.
A dart slug is nearby!
The dart slug launches a dart at you. The slug dart hits you.
You hit the dart slug. You grab the dart slug.
The dart slug is severely wounded.
You constrict the dart slug. The dart slug bites you.
You slash the dart slug!
You kill the dart slug!
No target in view!
No target in view!
No target in view!
No target in view!
You see here a dart slug corpse.
A bat comes into view.
A bat is nearby!
A bat is nearby!
An endoplasm comes into view.
An endoplasm comes into view.
The bat closely misses you.
You hit the endoplasm. You squeeze the endoplasm.
You kill the endoplasm!
The bat misses you.
You hit the bat.
You kill the bat!
The helpless endoplasm fails to defend itself.
You slash the endoplasm!
You kill the endoplasm!
No target in view!
No target in view!
No target in view!
A gnoll comes into view. It is wielding a +0 spear.
A gnoll is nearby!
A gnoll is nearby!
The gnoll shouts!
You hear a shout!
A goblin comes into view. It is wielding a +0 club.
You closely miss the goblin. Your grab misses the goblin.
The goblin closely misses you.
You barely miss the goblin. Your grab misses the goblin. The gnoll misses you.
You block the goblin's attack. The goblin hits you with a +0 club.
The gnoll hits you from afar with a +0 spear.
You hit the goblin. Your grab misses the goblin.
Your squeeze misses the goblin.
The goblin is heavily wounded.
You block the gnoll's attack. The goblin completely misses you.
You slash the goblin!
You kill the goblin!
The gnoll hits you from afar with a +0 spear.
You block the gnoll's attack. The gnoll hits you with a +0 spear!
* * * LOW HITPOINT WARNING * * *
You are too injured to fight recklessly!
You closely miss the gnoll. You grab the gnoll. You constrict the gnoll.
The gnoll hits you with a +0 spear!
You die...

### ##.. ##..#### #
#......##.# #.......
#..##)##.# .# #....@g..# ##
##... #..##....# .. ....#
###..#####.# ##.##.#.#
#............ .....#.#
##............##....#.###
####.............##.#..#.#..
#......†...............#....
#.##........... #.....†.#..
#.##....##.......#.##..#.###


You could see a gnoll.

Vanquished Creatures
  2 dart slugs (D:1)
  5 endoplasms (D:1)
  3 goblins (D:1)
  A hobgoblin (D:1)
  2 bats (D:1)
  A frilled lizard (D:1)
  2 rats (D:1)
16 creatures vanquished.

Notes
Turn   | Place    | Note
-------+----------+-------------------------------------------
     0 | D:1      | Flugslaktarn the Octopode Fighter began the quest for the
                  | Orb.
     0 | D:1      | Reached XP level 1. HP: 16/16 MP: 1/1
   168 | D:1      | Reached XP level 2. HP: 17/21 MP: 2/2
   407 | D:1      | Slain by a gnoll

Illustrated notes

Levels and vault maps discovered:
D:1:      dpeg_arrival_pond, layout_loops_cross, patterned_corridor

Action                     || total
---------------------------++-------
  Melee: War axe           ||    31
         Constrict         ||     5
         Tentacles         ||     2
   Stab: Sleeping          ||     4
  Dodge: Dodged            ||    11
  Block: Buckler           ||     7

Table legend: (Time is in decaauts)
 A = Elapsed time spent in this place.
 B = Non-inter-level travel time spent in this place.
 C = Inter-level travel time spent in this place.
 D = Time resting spent in this place.
 E = Time spent auto-exploring this place.
 F = Levels seen in this place.
 G = Mean time per level.
                   A        B        C        D        E       F      G
               +--------+--------+--------+--------+--------+-----+--------+
         Total |    420 |    420 |      0 |      0 |    324 |   1 |  420.0 |
       Dungeon |    420 |    420 |      0 |      0 |    324 |   1 |  420.0 |
               +--------+--------+--------+--------+--------+-----+--------+

Top non-repeatable levels by time:
     D:1: 420 daAuts
